 Dungeon Crawl Stone Soup version bcrawl-1.41 (webtiles) character file.

Game seed: 270334928631239829

192671 Yshiel the Chiller (level 7, -1/51 HPs)
             Began as a Gnoll Ice Elementalist on Apr 12, 2024.
             Slain by Pikel
             ... wielding a +0 whip of electrocution
              (5 damage)
             ... on level 4 of the Dungeon.
             The game lasted 00:22:43 (3990 turns).

Yshiel the Chiller (Gnoll Ice Elementalist)         Turns: 3990, Time: 00:22:43

Health: -1/51      AC:  2    Str: 10    XL:     7   Next: 35%
Magic:  12/15      EV: 15    Int: 19    God:
Gold:   265        SH:  0    Dex: 16    Spells: 16/17 levels left

rFire    + . .     GDR:     29% r - +1 dagger (freeze)
rCold    + . .     SeeInvis .   (no shield)
rNeg     . . .     Gourm    .   a - +0 robe
rPois    +         Faith    .   (no helmet)
rElec    +         Spirit   .   (no cloak)
rCorr    +         Reflect  .   (no gloves)
MR       .....                  (no boots)
Stlth    +++.......             (no amulet)
HPRegen  0.18/turn              (no ring)
MPRegen  0.14/turn              (no ring)

@: resistant
A: distributed training, fangs 1, strong nose
a: no special abilities


You were on level 4 of the Dungeon.
You were not hungry.

You visited 1 branch of the dungeon, and saw 4 of its levels.

You collected 265 gold pieces.

Inventory:

Hand Weapons
 r - a +1 dagger of freezing (weapon)
 s - a +1 dagger of chaos
 w - a +4 quarterstaff of chaos
Missiles
 b - 192 bolts
 g - 71 poisoned needles
 l - 41 poisoned tomahawks (quivered)
Armour
 a - a +0 robe (worn)
 v - a +0 cloak
Jewellery
 d - an uncursed ring of stealth {unknown}
 n - a cursed ring of ice {unknown}
 t - an uncursed ring of protection from fire
Wands
 c - a wand of iceblast (1)
 k - a wand of polymorph (5)
Scrolls
 i - a scroll of fog
 x - a scroll of enchant armour {unknown}
Potions
 f - 2 potions of curing {unknown}
 h - 2 potions of magic {unknown}
 j - a potion of resistance
 m - a potion of haste {unknown}
 o - a potion of might {unknown}
 p - a potion of cancellation {unknown}
 q - a potion of degeneration {unknown}
Comestibles
 e - 3 rations {!d}


   Skills:
 + Level 2.3 Fighting
 + Level 2.3 Short Blades
 + Level 2.3 Long Blades
 + Level 2.3 Axes
 + Level 2.3 Maces & Flails
 + Level 2.3 Polearms
 + Level 2.3 Staves
 + Level 2.3 Slings
 + Level 2.3 Bows
 + Level 2.3 Crossbows
 + Level 2.3 Throwing
 + Level 2.3 Armour
 + Level 5.2 Dodging
 + Level 5.2 Stealth
 + Level 2.3 Shields
 + Level 2.3 Unarmed Combat
 + Level 5.5 Spellcasting
 + Level 2.9 Conjurations
 + Level 1.9 Hexes
 + Level 1.9 Charms
 + Level 1.9 Summonings
 + Level 1.9 Necromancy
 + Level 1.9 Translocations
 + Level 1.9 Transmutations
 + Level 1.9 Fire Magic
 + Level 5.8 Ice Magic
 + Level 1.9 Air Magic
 + Level 1.9 Earth Magic
 + Level 1.9 Poison Magic
 + Level 2.6 Invocations
 + Level 2.3 Evocations


You had 16 spell levels left.
You knew the following spells:

 Your Spells              Type           Power        Failure   Level  Hunger
a - Freeze                Ice            ####..       1%          1    None

Your spell library contained the following spells:

 Spells                   Type           Power        Failure   Level  Hunger
 Throw Frost              Conj/Ice       ###...       1%          2    None
 Ozocubu's Armour         Chrm/Ice       ###.....     7%          3    ##.....
 Throw Icicle             Conj/Ice       ###.....     19%         4    ####...
 Ice Form                 Ice/Tmut       ###.....     24%         4    ####...
 Summon Ice Beast         Ice/Summ       ###.....     24%         4    ####...


Dungeon Overview and Level Annotations

Branches:
Dungeon (4/12)
 Temple: D:4-7

Altars:

Annotations:
D:4 Pikel


Innate Abilities, Weirdness & Mutations

Your experience applies equally to all skills.
You have very sharp teeth.
Your uncanny sense of smell can sniff out nearby items.


Message History

Press: ? - help, Shift-Dir - straight line, f - slave, p - slave
Aim: a slave, wearing a cursed -2 animal skin You freeze the slave.
The slave is lightly wounded.
The slave misses you. The slave hits you.
Casting: Freeze (safe; 1% risk of failure)
Confirm with . or Enter, or press ? or * to list all spells.
Okay, then.
You hit Pikel.
Pikel is lightly wounded.
The slave closely misses you.
Pikel hits you with a +0 whip of electrocution.
You are electrocuted!
* * * LOW HITPOINT WARNING * * *
The slave hits you.
* * * LOW HITPOINT WARNING * * *
You feel protected. The slave closely misses you.
Pikel hits you with a +0 whip of electrocution.
You die...

#.#..###..#
#.#.#..#....≈≈≈≈..##
#.#..###..#
#..<#..##...≈≈≈≈.##
#.........# #..##..##..≈≈≈≈..#
####.########......#..≈≈≈≈≈..#
#.# #.........#.≈........ #.#
#.###.##..# #.# # #p# ..# #.#
#K##..#### #.# #p@pp.....
#####.# ####.##..# ......# #
.# #######


You could see Pikel and 4 slaves.

Vanquished Creatures
  A sky beast (D:3)
  An ogre (D:4)
  A kobold brigand (D:3)
  A scorpion (D:3)
  A jelly (D:4)
  Crazy Yiuf (D:3)
  A hound (D:4)
  Jessica (D:3)
  Ijyb (D:3)
  An adder (D:3)
  A shadow imp (D:3)
  2 oozes (D:3)
  3 dart slugs
  4 leopard geckos
  20 orcs
  A ball python (D:3)
  3 bats
  5 giant cockroaches
  5 goblins
  11 hobgoblins
  4 jackals (D:2)
  7 kobolds
  A quokka (D:4)
  5 frilled lizards
  A jackal skeleton (D:4)
  5 rats
88 creatures vanquished.

Vanquished Creatures (others)
  2 toadstools (D:1)
2 creatures vanquished.

Grand Total: 90 creatures vanquished

Notes
Turn   | Place    | Note
-------+----------+-------------------------------------------
     0 | D:1      | Yshiel the Gnoll Ice Elementalist began the quest for the
                  | Orb.
     0 | D:1      | Reached XP level 1. HP: 13/13 MP: 6/6
   163 | D:1      | Reached XP level 2. HP: 18/19 MP: 5/7
   537 | D:1      | Reached XP level 3. HP: 25/25 MP: 3/9
  1099 | D:2      | Reached skill level 5 in Spellcasting
  1348 | D:2      | Reached skill level 1 in Invocations
  1778 | D:2      | Reached skill level 1 in Fighting
  1778 | D:2      | Reached skill level 1 in Short Blades
  1778 | D:2      | Reached skill level 1 in Long Blades
  1778 | D:2      | Reached skill level 1 in Axes
  1778 | D:2      | Reached skill level 1 in Maces & Flails
  1778 | D:2      | Reached skill level 1 in Polearms
  1778 | D:2      | Reached skill level 1 in Staves
  1778 | D:2      | Reached skill level 1 in Slings
  1778 | D:2      | Reached skill level 1 in Bows
  1778 | D:2      | Reached skill level 1 in Crossbows
  1778 | D:2      | Reached skill level 1 in Throwing
  1778 | D:2      | Reached skill level 1 in Armour
  1778 | D:2      | Reached skill level 1 in Shields
  1778 | D:2      | Reached skill level 1 in Unarmed Combat
  1778 | D:2      | Reached skill level 1 in Evocations
  1945 | D:3      | Noticed a sky beast
  1975 | D:3      | Reached XP level 4. HP: 32/32 MP: 7/11
  2118 | D:3      | Killed a sky beast
  2119 | D:3      | Reached skill level 1 in Hexes
  2119 | D:3      | Reached skill level 1 in Charms
  2119 | D:3      | Reached skill level 1 in Summonings
  2119 | D:3      | Reached skill level 1 in Necromancy
  2119 | D:3      | Reached skill level 1 in Translocations
  2119 | D:3      | Reached skill level 1 in Transmutations
  2119 | D:3      | Reached skill level 1 in Fire Magic
  2119 | D:3      | Reached skill level 1 in Air Magic
  2119 | D:3      | Reached skill level 1 in Earth Magic
  2119 | D:3      | Reached skill level 1 in Poison Magic
  2119 | D:3      | Reached XP level 5. HP: 26/37 MP: 5/12
  2322 | D:3      | Noticed Jessica
  2326 | D:3      | Reached XP level 6. HP: 43/44 MP: 10/13
  2329 | D:3      | Killed Jessica
  2578 | D:3      | Noticed Ijyb
  2599 | D:3      | Killed Ijyb
  2920 | D:3      | Reached skill level 5 in Dodging
  2920 | D:3      | Reached skill level 5 in Stealth
  3100 | D:3      | Found a runed door.
  3364 | D:3      | Noticed Crazy Yiuf
  3370 | D:3      | Killed Crazy Yiuf
  3479 | D:4      | Reached XP level 7. HP: 40/50 MP: 11/15
  3978 | D:4      | Noticed Pikel
  3990 | D:4      | Slain by Pikel

Skill      XL: |  1  2  3  4  5  6 |
---------------+-------------------+-----
Conjurations   | 2 |  2.9
Spellcasting   | 5 |  5.5
Invocations    | 1 2 |  2.6
Fighting       | 1 2 |  2.3
Short Blades   | 1 2 |  2.3
Long Blades    | 1 2 |  2.3
Axes           | 1 2 |  2.3
Maces & Flails | 1 2 |  2.3
Polearms       | 1 2 |  2.3
Staves         | 1 2 |  2.3
Slings         | 1 2 |  2.3
Bows           | 1 2 |  2.3
Crossbows      | 1 2 |  2.3
Throwing       | 1 2 |  2.3
Armour         | 1 2 |  2.3
Shields        | 1 2 |  2.3
Unarmed Combat | 1 2 |  2.3
Evocations     | 1 2 |  2.3
Hexes          | 1 |  1.9
Charms         | 1 |  1.9
Summonings     | 1 |  1.9
Necromancy     | 1 |  1.9
Translocations | 1 |  1.9
Transmutations | 1 |  1.9
Fire Magic     | 1 |  1.9
Air Magic      | 1 |  1.9
Earth Magic    | 1 |  1.9
Poison Magic   | 1 |  1.9
Dodging        | 5 |  5.2
Stealth        | 5 |  5.2
Ice Magic      | |  5.8

Action                   |  1- 3 |  4- 6 |  7- 9 || total
-------------------------+-------+-------+-------++-------
Melee: Unarmed           |     6 |     9 |       ||    15
       Spear             |    15 |       |       ||    15
       Bite              |     1 |     5 |     4 ||    10
       Dagger            |       |    27 |    10 ||    37
 Cast: Freeze            |    56 |    70 |    26 ||   152
  Use: Scroll            |     3 |     1 |       ||     4
       Potion            |       |       |     2 ||     2
 Stab: Sleeping          |     2 |     4 |       ||     6
  Eat: Chunk             |     4 |     7 |     2 ||    13
Armor: Robe              |     6 |     5 |     6 ||    17
Dodge: Dodged            |    32 |    36 |    27 ||    95
